 Dungeon Crawl Stone Soup version 0.28.0-53-g5a82cb258f (webtiles) character file.

Game seed: 11280444215053558320

190 melloss the Sneak (level 5, 0/25 HPs)
             Began as a Spriggan Enchanter on June 7, 2022.
             Slain by a goblin
             ... wielding a +0 dagger
             ... led by Robin
              (5 damage)
             ... on level 3 of the Dungeon.
             The game lasted 00:11:50 (4313 turns).

melloss the Sneak (Spriggan Enchanter)              Turns: 4313, Time: 00:11:51

Health: 0/25       AC:  2    Str:  4    XL:     5   Next: 41%
Magic:  9/10       EV: 19    Int: 18    God:
Gold:   113        SH:  0    Dex: 16    Spells: 4/9 levels left

rFire   . . .      SeeInvis +   f - +0 short sword
rCold   . . .      Faith    .   (no shield)
rNeg    . . .      Spirit   .   b - +0 robe
rPois   .          Reflect  .   (helmet restricted)
rElec   .          Harm     .   (no cloak)
rCorr   .          Rampage  .   (gloves unavailable)
Will    .....                   (boots unavailable)
Stlth   ++++......              l - amulet of regeneration
HPRegen 0.88/turn               (no ring)
MPRegen 0.12/turn               (no ring)

@: very quick
A: very small, no large weapons, unfitting armour, see invisible, speed 3
a: no special abilities


You were on level 3 of the Dungeon.
You visited 1 branch of the dungeon, and saw 3 of its levels.

You collected 113 gold pieces.

Inventory:

Hand Weapons
 a - a +1 dagger
 f - a +0 short sword (weapon)
Missiles
 g - 52 stones (quivered)
 j - 2 poisoned darts
Armour
 b - a +0 robe (worn)
Jewellery
 i - an amulet of magic regeneration
 l - an amulet of regeneration (around neck)
Scrolls
 d - 8 scrolls of identify {unknown}
 e - a scroll of magic mapping {unknown}
 h - 2 scrolls of immolation {unknown}
 k - 2 scrolls of noise {unknown}
Potions
 c - a potion of invisibility
 m - a potion of attraction {unknown}


   Skills:
 + Level 0.7 Fighting
 - Level 1.1 Short Blades
 - Level 5.0 Dodging
 + Level 7.8 Stealth
 - Level 2.6 Spellcasting
 - Level 3.6 Hexes


You had 4 spell levels left.
You knew the following spells:

 Your Spells              Type           Power      Damage    Failure   Level
a - Ensorcelled Hibernat  Hex/Ice        16%        N/A       12%         2
b - Confusing Touch       Hex            15%        N/A       12%         3

Your spell library contained the following spells:

 Spells                   Type           Power      Damage    Failure   Level
 Tukima's Dance           Hex            15%        N/A       12%         3
 Dazzling Flash           Conj/Hex       16%        N/A       24%         3
 Portal Projectile        Hex/Tloc       16%        N/A       24%         3
 Blade Hands              Tmut           1%         N/A       99%         5
 Excruciating Wounds      Necr           1%         N/A       99%         5


Dungeon Overview and Level Annotations

Branches:
Dungeon (3/15)

Altars:
Cheibriados
Wu Jian

Annotations:
D:3 Robin


Innate Abilities, Weirdness & Mutations

You are very small and have problems with some larger weapons.
You are too small for most types of armour.
You have supernaturally acute eyesight. (SInv)
You cover ground extremely quickly. (Speed+++)


Message History

You hear a shout!
Robin says, "Bow before me, strongest of all the hobgoblins!"
Robin completely misses you.
A goblin comes into view. It is wielding a +0 dagger.
Casting: Confusing Touch (quite dangerous; 12% risk of failure)
Confirm with . or Enter, or press ? or * to list all spells.
Aiming: Ensorcelled Hibernation (safe; 12% risk of failure)
Press: ? - help, Shift-Dir - straight line, f - Robin
Aim: Robin, wielding a +0 club, wearing a +0 animal skin and wearing a +0 helmet (chance to affect: 50%) Robin looks drowsy...
The helpless Robin fails to defend themself.
You puncture Robin!
Robin is almost dead.
A hobgoblin comes into view.
Robin throws the goblin at you!
A goblin comes into view. It is wielding a +0 dagger.
The goblin hits you with a +0 club.
The hobgoblin moves out of view.
You barely miss Robin.
Robin is almost dead.
Robin says, "Bow before me, strongest of all the hobgoblins!"
Robin roars a battlecry!
The goblins go into a battle-frenzy!
The goblin hits you but does no damage.
You hit Robin but do no damage.
Robin is almost dead.
Robin throws the goblin at you! The goblin hits you with a +0 club.
The goblin misses you.
You barely miss the goblin.
Robin says, "We wiped out the hill dwarves - you're next!"
Robin hits you with a +0 club. The goblin hits you with a +0 club.
The goblin closely misses you.
A goblin comes into view. It is wielding a +0 dagger.
The goblin completely misses you. Robin throws the goblin at you!
The goblin closely misses you. The goblin hits you with a +0 club.
* * * LOW HITPOINT WARNING * * *
Robin roars a battlecry!
The goblins go into a battle-frenzy!
The goblin hits you with a +0 dagger.
You die...

#.##########.#### #.#
######....... #.#
#........#### #.# #....###.#
##################.#
#...#.#...#...#.##.#
#..#...#..#..#.....# ..
#.#.....#.#.#....###
...g###..g.@..###....#####
#..g.gg..gg..............#
##..#.#g..#...#.#...#...####
# #..#..#..#...#..#..#..).
#..g#.#.#.....#.#.#..###
#....###.......###...# #
##### ######### ##### # # #


You could see Robin, a hobgoblin (strong) and 5 goblins.

Vanquished Creatures
  A bullfrog zombie (D:3)
  Natasha (twice) (D:2)
  3 adders
  3 worms
  2 dart slugs
  An orc (D:3)
  8 ball pythons
  9 bats
  5 endoplasms
  3 giant cockroaches
  4 goblins
  8 hobgoblins
  4 jackals (D:1)
  A quokka (D:1)
  3 frilled lizards
  6 kobolds
  5 rats (D:1)
68 creatures vanquished.

Notes
Turn   | Place    | Note
-------+----------+-------------------------------------------
     0 | D:1      | melloss the Spriggan Enchanter began the quest for the Orb.
     0 | D:1      | Reached XP level 1. HP: 9/9 MP: 5/5
   177 | D:1      | Reached XP level 2. HP: 13/13 MP: 6/6
   180 | D:1      | Learned a level 2 spell: Ensorcelled Hibernation
   204 | D:1      | Reached skill level 5 in Stealth
   685 | D:1      | Found a faded altar of an unknown god.
  1072 | D:1      | Reached XP level 3. HP: 16/16 MP: 5/8
  1768 | D:2      | Noticed Natasha
  1779 | D:2      | Killed Natasha
  1780 | D:2      | Reached skill level 6 in Stealth
  1780 | D:2      | Reached XP level 4. HP: 17/21 MP: 9/9
  2054 | D:2      | Noticed Natasha
  2066 | D:2      | Killed Natasha
  2323 | D:2      | Reached skill level 5 in Dodging
  3300 | D:3      | Found a snail-covered altar of Cheibriados.
  3340 | D:3      | Reached skill level 7 in Stealth
  3760 | D:3      | Reached XP level 5. HP: 24/24 MP: 7/10
  3891 | D:3      | Learned a level 3 spell: Confusing Touch
  4133 | D:3      | Found an ornate altar of the Wu Jian Council.
  4298 | D:3      | Noticed Robin
  4313 | D:3      | Slain by a goblin

Illustrated notes

Levels and vault maps discovered:
D:1:      ncdulo_smallfort, layout_basic,
          dreamdust_ecumenical_altar_angels_and_demons, serial_forest,
          infiniplex_forest_lined_room_2, infiniplex_forest_corner_1,
          infiniplex_forest_straight_2, infiniplex_forest_straight_4,
          infiniplex_forest_pool, infiniplex_forest_split,
          infiniplex_forest_corner_1, minmay_octomino_c4
D:2:      layout_basic, item_on_display_a, uniq_natasha
D:3:      layout_loops_ring, mainiacjoe_overflow_paths,
          nicolae_overflow_hidden_temple, hangedman_decor_diamond_cutter,
          uniq_robin

Skill      XL: |  1  2  3  4 |
---------------+-------------+-----
Dodging        | 3 4 5 |  5.0
Stealth        | 5 6 7 |  7.8
Fighting       | |  0.7
Short Blades   | |  1.1
Spellcasting   | |  2.6
Hexes          | |  3.6

Action                   |  1- 3 |  4- 6 || total
-------------------------+-------+-------++-------
Melee: Dagger            |    46 |       ||    46
       Short sword       |    23 |    66 ||    89
       Punch             |     1 |     1 ||     2
Throw: Stone             |     7 |       ||     7
 Cast: Ensorcelled Hiber |    27 |    41 ||    68
       Confusing Touch   |       |     1 ||     1
 Stab: Sleeping          |    27 |    32 ||    59
       Confused          |       |     1 ||     1
Armor: Robe              |     5 |     8 ||    13
Dodge: Dodged            |    62 |    53 ||   115
